 Dungeon Crawl Stone Soup version 0.31-a0-115-g4708a659fe (webtiles) character file.

Game seed: 3142088853110857990

54 Elsrick the Sneak (level 4, 0/24 HPs)
             Began as a Kobold Enchanter on May 30, 2023.
             Slain by a hobgoblin (2 damage)
             ... on level 3 of the Dungeon.
             The game lasted 00:05:16 (1703 turns).

Elsrick the Sneak (Kobold Enchanter)                Turns: 1703, Time: 00:05:17

Health: 0/24       AC:  2    Str:  5    XL:     4   Next: 12%
Magic:  7/7        EV: 15    Int: 18    God:
Gold:   27         SH:  0    Dex: 15    Spells: 5/7 levels left

rFire   . . .        a - +1 dagger
rCold   . . .        (no shield)
rNeg    . . .        b - +0 robe
rPois   .            (no helmet)
rElec   .            (no cloak)
rCorr   .            (no gloves)
SInv    .            (no boots)
Will    .....        (no amulet)
Stlth   ++++         (no ring)
HPRegen 0.24/turn    (no ring)
MPRegen 0.10/turn

%: no passive effects
@: no status effects
A: small, no large weapons, nightstalker 3
a: no special abilities


You were on level 3 of the Dungeon.
You visited 1 branch of the dungeon, and saw 3 of its levels.

You collected 27 gold pieces.

Inventory:

Hand Weapons
 a - a +1 dagger (weapon)
Missiles
 g - 5 poisoned darts (quivered)
Armour
 b - a +0 robe (worn)
Scrolls
 f - a scroll of teleportation {unknown}
Potions
 c - 2 potions of invisibility
 d - a potion of might {unknown}
 e - a potion of curing {unknown}


   Skills:
 + Level 2.3 Short Blades
 + Level 2.5 Dodging
 + Level 5.1 Stealth
 + Level 2.2 Spellcasting
 + Level 3.6 Hexes
 + Level 0.2 Ice Magic


You had 5 spell levels left.
You knew the following spells:

 Your Spells              Type           Power      Damage    Failure   Level
a - Ensorcelled Hibernat  Hex/Ice        18%        N/A       12%         2

Your spell library contained the following spells:

 Spells                   Type           Power      Damage    Failure   Level
 Confusing Touch          Hex            15%        N/A       12%         3
 Tukima's Dance           Hex            15%        N/A       12%         3
 Dazzling Flash           Conj/Hex       16%        N/A       26%         3


Dungeon Overview and Level Annotations

Branches:
Dungeon (3/15)

Altars:

Shops:
D:1 !(:[[


Innate Abilities, Weirdness & Mutations

You are small and have problems with some larger weapons.
You are completely attuned to the shadows.


Message History

You are poisoned.
The adder poisons you!
The hobgoblin hits you but does no damage.
You hit the adder.
The adder is moderately wounded.
You feel sick. The adder bites you. The hobgoblin misses you.
You barely miss the adder.
The adder is moderately wounded.
You feel sick. The adder closely misses you. The hobgoblin misses you.
The adder misses you.
You barely miss the adder.
The adder is moderately wounded.
You feel sick. The adder bites you. The hobgoblin hits you.
You hit the adder.
The adder is moderately wounded.
You feel sick. The adder misses you. The hobgoblin misses you.
You barely miss the adder.
The adder is moderately wounded.
You feel sick.
You are no longer poisoned.
The adder closely misses you. The hobgoblin hits you.
* * * LOW HITPOINT WARNING * * *
You hit the adder.
The adder is severely wounded.
The adder misses you.
You closely miss the adder.
The adder is severely wounded.
The adder closely misses you. The hobgoblin barely misses you.
You hit the adder.
The adder is severely wounded.
The adder bites you.
* * * LOW HITPOINT WARNING * * *
The hobgoblin misses you. The adder closely misses you.
You hit the adder.
You kill the adder!
The hobgoblin misses you.
You have reached level 4!
You closely miss the hobgoblin. Your punch misses the hobgoblin.
The hobgoblin hits you.
You die...

#... #!..
....
#...####.
#.@....
###g...
.... ....
....


You could see a hobgoblin.

Vanquished Creatures
  An adder (D:3)
  A worm (D:2)
  2 dart slugs
  2 ball pythons (D:1)
  5 endoplasms
  2 giant cockroaches (D:1)
  3 goblins (D:1)
  3 hobgoblins (D:1)
  5 jackals (D:1)
  A kobold (D:1)
  A bat (D:1)
  4 frilled lizards
  5 rats
35 creatures vanquished.

Notes
Turn   | Place    | Note
-------+----------+-------------------------------------------
     0 | D:1      | Elsrick the Kobold Enchanter began the quest for the Orb.
     0 | D:1      | Reached XP level 1. HP: 10/10 MP: 3/3
   130 | D:1      | Found Xokyfulael's Antique Weapon Shop.
   302 | D:1      | Reached XP level 2. HP: 15/15 MP: 5/5
   491 | D:1      | Found Mafez's Antique Armour Shoppe.
   570 | D:1      | Found Qitufya's Book Shop.
   596 | D:1      | Found a faded altar of an unknown god.
   617 | D:1      | Reached XP level 3. HP: 17/19 MP: 6/6
   648 | D:1      | Learned a level 2 spell: Ensorcelled Hibernation
   828 | D:1      | Found Bycaisamo's Antique Armour Shop.
  1012 | D:1      | Found Counilas's Distillery.
  1439 | D:2      | Reached skill level 5 in Stealth
  1686 | D:2      | Found the +2 cloak of the Thief {*Fog Slay-2 SInv Stlth+}
  1703 | D:3      | Reached XP level 4. HP: 2/24 MP: 7/7
  1703 | D:3      | Slain by a hobgoblin

Illustrated notes

Levels and vault maps discovered:
D:1:      heliophobic_arrival_battle_scene, layout_basic, serial_shops,
          nicolae_shop_stone, nicolae_shop_dealshenge,
          nicolae_shop_just_a_little_nook, nicolae_shop_peninsula, shop,
          serial_glass, glass_columns_a, glass_columns_b,
          minmay_strange_pillars, feat_on_display, due_unseen_surprise,
          ebering_ecumenical_altar_abandoned
D:2:      layout_rooms
D:3:      layout_basic, serial_co_window_serial, co_window_paths_a,
          co_window_paths_b, co_window_of_opportunity_a, co_window_corner_a,
          co_window_paths_b, co_window_unsneaky_path_c, co_window_corner_cb,
          co_window_2corner, co_window_2corner, co_window_unsneaky_path_c,
          co_window_of_opportunity_c, co_window_corner_b, co_window_4corner_a,
          minmay_misc_feat_iff, uniq_robin

Skill      XL: |  1  2  3 |
---------------+----------+-----
Short Blades   | 2 |  2.3
Stealth        | 5 |  5.1
Dodging        | |  2.5
Spellcasting   | |  2.2
Hexes          | |  3.6
Ice Magic      | |  0.2

Action                     |  1- 3 |  4- 6 || total
---------------------------+-------+-------++-------
  Melee: Dagger            |   114 |     1 ||   115
         Punch             |     1 |       ||     1
  Throw: Dart              |     2 |       ||     2
   Cast: Ensorcelled Hiber |     6 |       ||     6
    Use: Scroll            |     1 |       ||     1
   Stab: Sleeping          |    20 |       ||    20
 Armour: Robe              |     6 |       ||     6
  Dodge: Dodged            |    75 |       ||    75

Table legend: (Time is in decaauts)
 A = Elapsed time spent in this place.
 B = Non-inter-level travel time spent in this place.
 C = Inter-level travel time spent in this place.
 D = Time resting spent in this place.
 E = Time spent auto-exploring this place.
 F = Levels seen in this place.
 G = Mean time per level.
                   A        B        C        D        E       F      G
               +--------+--------+--------+--------+--------+-----+--------+
         Total |   1691 |   1656 |     35 |    199 |   1049 |   3 |  563.7 |
       Dungeon |   1691 |   1656 |     35 |    199 |   1049 |   3 |  563.7 |
               +--------+--------+--------+--------+--------+-----+--------+

Top non-repeatable levels by time:
     D:1: 1419 daAuts
     D:2: 260 daAuts
     D:3: 11 daAuts
